 Dungeon Crawl Stone Soup version 0.29-a0-82-g837932c90e (webtiles) character file.

Game seed: 8902314647468753686

93 lordive the Grasshopper (level 4, 0/45 HPs)
             Began as an Ogre Warper on Feb 5, 2022.
             Slain by a gnoll (2 damage)
             ... on level 3 of the Dungeon.
             The game lasted 00:04:17 (3036 turns).

lordive the Grasshopper (Ogre Warper)               Turns: 3036, Time: 00:04:18

Health: 0/45       AC:  4    Str: 15    XL:     4   Next: 62%
Magic:  7/7        EV: 10    Int: 16    God:
Gold:   89         SH:  0    Dex:  8    Spells: 0/8 levels left

rFire   . . .      SeeInvis .   h - +1 whip (flame)
rCold   . . .      Faith    .   (no shield)
rNeg    . . .      Spirit   .   b - +0 robe
rPois   .          Reflect  .   (helmet restricted)
rElec   .          Harm     .   k - +0 cloak
rCorr   .          Rampage  .   (gloves unavailable)
Will    .....                   (boots unavailable)
Stlth   +.........              (no amulet)
HPRegen 0.15/turn               (no ring)
MPRegen 0.10/turn               (no ring)

@: no status effects
A: large, unfitting armour, tough skin 1
a: no special abilities


You were on level 3 of the Dungeon.
You visited 1 branch of the dungeon, and saw 4 of its levels.

You collected 89 gold pieces.

Inventory:

Hand Weapons
 h - a +1 whip of flaming (weapon)
Missiles
 d - 5 boomerangs of dispersal (quivered)
Armour
 b - a +0 robe (worn)
 k - a +0 cloak (worn)
Scrolls
 a - a scroll of immolation {unknown}
 c - 2 scrolls of blinking
 e - a scroll of noise {unknown}
 f - 4 scrolls of identify {unknown}
 i - 2 scrolls of teleportation {unknown}
 m - a scroll of fear {unknown}
Potions
 g - a potion of brilliance {unknown}
 j - 2 potions of cancellation {unknown}
 l - a potion of might {unknown}


   Skills:
 + Level 3.2 Fighting
 + Level 2.9 Maces & Flails
 - Level 1.0 Throwing
 + Level 2.4 Dodging
 + Level 0.2 Stealth
 + Level 2.6 Spellcasting
 * Level 3.5 Translocations


You couldn't memorise any spells.
You knew the following spells:

 Your Spells              Type           Power      Damage    Failure   Level
a - Blink                 Tloc           26%        N/A       7%          2
b - Lesser Beckoning      Tloc           13%        N/A       14%         3
c - Teleport Other        Tloc           13%        N/A       14%         3

Your spell library contained the following spells:

 Spells                   Type           Power      Damage    Failure   Level
 Apportation              Tloc           26%        N/A       4%          1
 Gell's Gravitas          Tloc           13%        N/A       14%         3
 Animate Skeleton         Necr           4%         N/A       21%         1
 Summon Small Mammal      Summ           8%         N/A       21%         1
 Manifold Assault         Tloc           13%        N/A       77%         5
 Alistair's Intoxication  Tmut/Pois      1%         N/A       99%         5
 Borgnjor's Vile Clutch   Necr/Erth      1%         N/A       99%         5
 Eringya's Noxious Bog    Tmut/Pois      1%         N/A       100%        6


Dungeon Overview and Level Annotations

Branches:
Dungeon (4/15)
 Temple: D:4-7

Altars:

Shops:
D:1 (=*


Innate Abilities, Weirdness & Mutations

You are too large for most types of armour.
You have tough skin. (AC +1)


Message History

There is a stone staircase leading up here.
The gnoll closely misses you.
You climb upwards.
There is a stone staircase leading down here.
You barely miss the gnoll. The gnoll hits you with a +0 spear.
You closely miss the gnoll. The gnoll hits you with a +0 spear!
You barely miss the gnoll. The gnoll hits you but does no damage.
You barely miss the gnoll. The gnoll barely misses you.
You barely miss the gnoll. You hit the gnoll but do no damage.
The gnoll hits you with a +0 spear!
You are too injured to fight recklessly!
You are too injured to fight recklessly!
You are too injured to fight recklessly!
You are too injured to fight recklessly!
You are too injured to fight recklessly!
You are too injured to fight recklessly!
You are too injured to fight recklessly!
You are too injured to fight recklessly!
You are too injured to fight recklessly!
You are too injured to fight recklessly!
You are too injured to fight recklessly!
You are too injured to fight recklessly!
You are too injured to fight recklessly!
You are too injured to fight recklessly!
You are too injured to fight recklessly!
You hit the gnoll. You burn the gnoll.
The gnoll is lightly wounded.
The gnoll closely misses you.
You hit the gnoll. You burn the gnoll.
The gnoll is heavily wounded.
The gnoll hits you with a +0 spear!
* * * LOW HITPOINT WARNING * * *
You closely miss the gnoll.
The gnoll is heavily wounded.
The gnoll hits you with a +0 spear.
* * * LOW HITPOINT WARNING * * *
You hit the gnoll but do no damage.
The gnoll is heavily wounded.
The gnoll hits you with a +0 spear.
You die...

#####...##......# #.#
#..[##......# #.#
#...#######.###.#
##.## #....#.# #.##
#..#.#.#
.######..#########.#.#
...................#.#
...#####.##....#####.#
..<..........g@.....#
..######.#.....######
#............#
#............#
#............#
#........###.#
#......#.# #.#
#......#.# #.#
########.. #.#


You could see a gnoll.

Vanquished Creatures
  An adder (D:2)
  An ufetubus (D:4)
  3 worms
  3 dart slugs
  An orc (D:3)
  3 ball pythons (D:1)
  2 bats
  9 endoplasms
  3 giant cockroaches
  7 goblins
  6 hobgoblins
  4 quokkas
  6 frilled lizards
  5 kobolds
  4 rats
58 creatures vanquished.

Notes
Turn   | Place    | Note
-------+----------+-------------------------------------------
     0 | D:1      | lordive the Ogre Warper began the quest for the Orb.
     0 | D:1      | Reached XP level 1. HP: 22/22 MP: 3/3
   127 | D:1      | Found Vubbies's General Store.
   141 | D:1      | Found Qiokhlue's Antique Weapon Boutique.
   146 | D:1      | Found a faded altar of an unknown god.
   255 | D:1      | Found Eniteps's Jewellery Shoppe.
   332 | D:1      | Reached XP level 2. HP: 29/29 MP: 5/5
   801 | D:1      | Reached XP level 3. HP: 37/37 MP: 6/6
  1926 | D:2      | Reached XP level 4. HP: 14/45 MP: 7/7
  2798 | D:3      | You fall into a shaft and drop 1 floor!
  2876 | D:4      | Learned a level 2 spell: Blink
  2880 | D:4      | Learned a level 3 spell: Lesser Beckoning
  2884 | D:4      | Learned a level 3 spell: Teleport Other
  3035 | D:3      | HP: 2/45 [gnoll (6)]
  3036 | D:3      | Slain by a gnoll

Illustrated notes

Levels and vault maps discovered:
D:1:      evilmike_arrival_home_sweet_home, layout_rooms, serial_shops,
          nicolae_shop_waterfront, shop, shop, basic_ecumenical_altar,
          serial_forest, infiniplex_forest_lined_3_way,
          infiniplex_forest_diagonal, infiniplex_forest_side_room,
          infiniplex_forest_straight_3, infiniplex_forest_clump_small,
          infiniplex_forest_lined_2, infiniplex_forest_clump_small, st_stairs_1
D:2:      layout_loops_ring, nrook_mini_backslash
D:3:      layout_basic, uniq_robin
D:4:      layout_loops_cross, serial_co_window_serial, co_window_paths_b,
          co_window_paths_a, co_window_of_opportunity_a, co_window_paths_a,
          co_window_paths_b, co_window_paths_c, co_window_broadway_c,
          co_window_of_opportunity_b, co_window_paths_c, co_window_paths_e,
          co_window_4corner_b, glass_columns_a, glass_columns_a,
          glass_columns_a, glass_columns_b

Skill      XL: |  1  2 |
---------------+-------+-----
Translocations | 3 |  3.5
Maces & Flails | 2 |  2.9
Fighting       | 3 |  3.2
Throwing       | |  1.0
Dodging        | |  2.4
Stealth        | |  0.2
Spellcasting   | |  2.6

Action                   |  1- 3 |  4- 6 || total
-------------------------+-------+-------++-------
Melee: Mace              |    48 |       ||    48
       Whip              |    77 |    80 ||   157
       Punch             |     2 |       ||     2
Armor: Robe              |    30 |    24 ||    54
Dodge: Dodged            |    49 |    35 ||    84

Table legend: (Time is in decaauts)
 A = Elapsed time spent in this place.
 B = Non-inter-level travel time spent in this place.
 C = Inter-level travel time spent in this place.
 D = Time resting spent in this place.
 E = Time spent auto-exploring this place.
 F = Levels seen in this place.
 G = Mean time per level.
                   A        B        C        D        E       F      G
               +--------+--------+--------+--------+--------+-----+--------+
         Total |   3049 |   2997 |     52 |      0 |   2547 |   4 |  762.2 |
       Dungeon |   3049 |   2997 |     52 |      0 |   2547 |   4 |  762.2 |
               +--------+--------+--------+--------+--------+-----+--------+

Top non-repeatable levels by time:
     D:2: 1356 daAuts
     D:1: 1125 daAuts
     D:3: 342 daAuts
     D:4: 224 daAuts
